 Dungeon Crawl Stone Soup version 0.18-a0-1760-gbb863503 (webtiles) character file.

8527 flachkopf the Martial Artist (level 11, -6/92 HPs)
             Began as a Human Monk on Apr 13, 2016.
             Mangled by a red ugly thing (22 damage)
             ... on level 15 of the Dungeon.
             The game lasted 00:25:33 (7233 turns).

flachkopf the Martial Artist (Human Monk)           Turns: 7233, Time: 00:25:34

Health: -6/92      AC: 11    Str: 14    XL:     11   Next: 57%
Magic:  11/11      EV: 20    Int: 11    God:    Xom [*.....]
Gold:   691        SH:  0    Dex: 16    Spells: 0 memorised, 10 levels left

rFire  . . .     SeeInvis .       - Unarmed
rCold  + . .     Gourm    .     z - +3 leather armour {rC+}
rNeg   . . .     Faith    .     (no shield)
rPois  .         Spirit   .     (no helmet)
rElec  .         Dismiss  .     g - +1 cloak
rCorr  .         Reflect  .     y - +0 pair of gloves
SustAt .         Harm     .     d - +1 pair of boots
MR     .....                    (no amulet)
Stlth  +++.......               p - ring of stealth
                                e - +4 ring of evasion

@: not resistant to hostile enchantments, fairly stealthy
A: no striking features
a: Renounce Religion


You were on level 15 of the Dungeon.
You worshipped Xom.
You were a special plaything of Xom.
You were not hungry.

You visited 1 branch of the dungeon, and saw 13 of its levels.
You also visited: Ossuary.

You collected 691 gold pieces.

Inventory:

Missiles
 h - 189 stones (quivered)
Armour
 c - a +0 robe
 d - a +1 pair of boots (worn)
 g - a +1 cloak (worn)
 y - a +0 pair of gloves (worn)
 z - a +3 leather armour of cold resistance (worn)
Jewellery
 e - a +4 ring of evasion (left hand)
 o - an uncursed ring of fire
 p - a ring of stealth (right hand)
 C - a +1 ring of protection
 D - a +3 ring of strength
 F - a +2 ring of intelligence
Wands
 r - a wand of teleportation (4/9)
 v - a wand of lightning (6/15)
 w - a wand of iceblast (3/15)
 J - a wand of acid (8/15)
Scrolls
 f - 6 scrolls of identify
 k - 6 scrolls of remove curse
 m - 3 scrolls of teleportation
 B - 2 scrolls of enchant weapon
 G - a scroll of enchant armour
 I - a scroll of magic mapping
Potions
 i - 2 potions of degeneration
 l - a potion of resistance {unknown}
 n - a potion of agility
 q - 2 potions of flight
 u - a potion of lignification {unknown}
 x - a potion of brilliance {unknown}
 A - a potion of cure mutation {unknown}
 E - a potion of magic
Comestibles
 a - a fruit
 b - 4 bread rations
 j - 5 meat rations
 s - 4 chunks of flesh


   Skills:
 - Level 10.3 Fighting
 + Level 5.7 Throwing
 + Level 6.9 Dodging
 - Level 2.0 Stealth
 + Level 14.3 Unarmed Combat


You had 10 spell levels left.
You didn't know any spells.

Dungeon Overview and Level Annotations

Branches:
Dungeon (15/15)            Temple (0/1) D:6            Lair (0/8) D:8
    Orc: D:9-12      Vaults: D:13-14     Depths: D:15

Altars:
Cheibriados
Gozag
Makhleb
Pakellas
Xom

Annotations:
D:2 Sigmund


Message History

The purple ugly thing basks in the mutagenic energy from its kin and changes!
The black bear closely misses you. The black bear completely misses you.
The black bear misses you.
The purple ugly thing basks in the mutagenic energy from its kin and changes!
The red ugly thing basks in the mutagenic energy from its kin and changes!
You punch the black bear!
You kill the black bear!
The black bear's shape twists and changes as it dies.
Unknown command.
Drink which item? (? for menu, Esc to quit)
You feel better.
The purple ugly thing basks in the mutagenic energy from its kin and changes!
There are monsters nearby!
The purple ugly thing basks in the mutagenic energy from its kin and changes!
The brown ugly thing basks in the mutagenic energy from its kin and changes!
You barely miss the red ugly thing. The red ugly thing punches you!
* * * LOW HITPOINT WARNING * * *
You are engulfed in flames!!
You die...
Xom bursts into laughter!

.......#..#
...#.#.<# #.#.#..#
#u..#..# #...#..#
#.#u#..# #####
#...#..# #...#
#..uu..# #.#.#
#.#.#@.#
#..†#####...#..#
#######........#..#
...# #........#..#
##.# #......#.#..#
##.#########...#..#
#..........#+###..#
#.............##..#
#..........##.#


You could see 4 ugly things.

Vanquished Creatures
  2 hill giants (D:12)
  A deep elf mage (D:15)
  A cyclops (D:12)
  A troll (D:12)
  A rime drake (shapeshifter) (D:15)
  A komodo dragon (D:8)
  A two-headed ogre (D:12)
  A wyvern (D:14)
  A wraith (D:14)
  Eustachio (D:6)
  A steam dragon (D:8)
  3 vampire mosquitoes (D:14)
  2 ice beasts
  A black bear (shapeshifter) (D:15)
  2 phantoms
  A sky beast (D:6)
  An orc warrior (D:9)
  A necrophage (D:8)
  5 ogres
  A crocodile (D:12)
  3 centaurs
  A big kobold (D:12)
  An elf zombie (Ossuary)
  A giant frog (D:8)
  A wyvern zombie (D:8)
  6 scorpions
  A wyvern skeleton (D:12)
  A water moccasin skeleton (D:8)
  4 wights (D:12)
  4 crimson imps
  4 centaur zombies
  A giant frog skeleton (D:7)
  A hound (D:8)
  A jelly (D:5)
  3 human zombies (Ossuary)
  3 orc priests
  2 centaur skeletons
  Crazy Yiuf (D:7)
  An iguana (D:4)
  11 orc wizards
  3 worker ants
  A big kobold zombie (Ossuary)
  A hound zombie (Ossuary)
  3 mummies (Ossuary)
  A howler monkey zombie (D:6)
  A worker ant zombie (D:8)
  A howler monkey skeleton (D:8)
  7 adders
  A shadow imp (D:7)
  2 adder zombies (Ossuary)
  2 worms
  2 dart slugs (D:1)
  2 giant geckos
  30 orcs
  3 giant cockroaches
  A gnoll zombie (Ossuary)
  3 goblins (D:1)
  3 hobgoblins (D:1)
  10 jackals
  4 quokkas
  A ball python (D:1)
  A giant gecko zombie (D:7)
  5 giant newts
  5 goblin zombies
  A hobgoblin zombie (Ossuary)
  4 jackal zombies (Ossuary)
  10 kobolds
  3 kobold zombies (Ossuary)
  An orc zombie (Ossuary)
  4 quokka zombies (Ossuary)
  2 rats (D:1)
  5 rat zombies (Ossuary)
  A fungus (D:7)
204 creatures vanquished.

Vanquished Creatures (collateral kills)
  A hornet (D:12)
  A gargoyle (D:12)
  A mottled dragon (D:14)
  A wyvern skeleton (D:12)
4 creatures vanquished.

Vanquished Creatures (others)
  A plant (D:8)
1 creature vanquished.

Grand Total: 209 creatures vanquished

Notes
Turn   | Place    | Note
--------------------------------------------------------------
     0 | D:1      | flachkopf the Human Monk began the quest for the Orb.
     0 | D:1      | Reached XP level 1. HP: 18/18 MP: 1/1
   107 | D:1      | Reached XP level 2. HP: 9/24 MP: 2/2
   526 | D:1      | Reached XP level 3. HP: 29/29 MP: 3/3
   962 | D:2      | Noticed Sigmund
   974 | D:2      | Reached skill level 5 in Unarmed Combat
  1010 | D:2      | Found an opulent altar of Gozag.
  1054 | D:2      | Found a shimmering altar of Xom.
  1064 | D:2      | Became a worshipper of Xom of Chaos
  1232 | D:3      | Noticed a scorpion
  1233 | D:3      | XOM: potion effect (brilliance)
  1243 | D:3      | Killed a scorpion
  1243 | D:3      | Reached XP level 4. HP: 13/35 MP: 4/4
  1243 | D:3      | Reached XP level 5. HP: 15/41 MP: 5/5
  1245 | D:3      | Reached skill level 13 in Unarmed Combat
  1245 | D:3      | Reached XP level 6. HP: 17/47 MP: 6/6
  1289 | D:3      | XOM: harmless Hex miscast
  1467 | D:3      | XOM: harmless Necr miscast
  1571 | D:3      | XOM: potion effect (agility)
  1789 | D:4      | XOM: silly message
  1847 | D:4      | XOM: silly message
  1891 | D:4      | Noticed an ogre
  1893 | D:4      | XOM: potion effect (haste)
  1899 | D:4      | Killed an ogre
  1899 | D:4      | Reached XP level 7. HP: 52/52 MP: 7/7
  1926 | D:4      | Reached skill level 10 in Fighting
  1926 | D:4      | Reached XP level 8. HP: 73/73 MP: 8/8
  2321 | D:4      | XOM: harmless Ice miscast
  2460 | D:5      | Entered Level 5 of the Dungeon
  2596 | D:5      | XOM: silly message
  2729 | D:5      | Found an oddly glowing altar of Pakellas.
  2731 | D:5      | Found a snail-covered altar of Cheibriados.
  2840 | D:5      | Reached skill level 1 in Throwing
  3106 | D:5      | XOM: cast spell 'Ice Form'
  3509 | D:6      | Reached XP level 9. HP: 70/79 MP: 9/9
  3516 | D:6      | Noticed Eustachio
  3523 | D:6      | Killed Eustachio
  3594 | D:6      | Found a staircase to the Ecumenical Temple.
  3680 | D:6      | XOM: potion effect (agility)
  4132 | D:7      | Found a burning altar of Makhleb.
  4205 | D:7      | XOM: divination: detect creatures
  4367 | D:7      | Noticed Crazy Yiuf
  4371 | D:7      | Killed Crazy Yiuf
  4487 | D:7      | Found a sand-covered staircase.
  4498 | Ossuary  | Entered an ossuary
  4879 | D:8      | XOM: cast spell 'Summon Small Mammal'
  4889 | D:8      | Reached XP level 10. HP: 86/86 MP: 10/10
  5082 | D:8      | Found a staircase to the Lair.
  5083 | D:8      | Noticed a komodo dragon
  5130 | D:8      | XOM: harmless Pois miscast
  5162 | D:8      | XOM: harmless Air miscast
  5234 | D:8      | XOM: silly message
  5288 | D:8      | Killed a komodo dragon
  5810 | D:9      | Reached skill level 5 in Dodging
  5814 | D:9      | You fall through a shaft for 3 floors!
  5964 | D:12     | Noticed a cyclops
  5971 | D:12     | XOM: fake destruction
  5984 | D:12     | Killed a cyclops
  6215 | D:12     | XOM: fog
  6251 | D:12     | XOM: divine lightning (protected)
  6507 | D:12     | Noticed a hill giant
  6521 | D:12     | Killed a hill giant
  6546 | D:12     | Noticed a hill giant
  6547 | D:12     | Noticed a gargoyle
  6563 | D:12     | Killed a hill giant
  6563 | D:12     | Reached skill level 14 in Unarmed Combat
  6563 | D:12     | Reached XP level 11. HP: 54/92 MP: 11/11
  6671 | D:12     | XOM: god gift: lead wand {god gift}
  6766 | D:12     | XOM: divination: detect items
  6872 | D:12     | XOM: enchant monster (good)
  6884 | D:12     | Noticed a hornet
  6890 | D:12     | Killed a hornet
  6899 | D:12     | Reached skill level 5 in Throwing
  7082 | D:13     | Noticed a hill giant
  7082 | D:13     | Noticed a catoblepas
  7082 | D:13     | Noticed a hill giant
  7087 | D:13     | Noticed a centaur warrior
  7121 | D:14     | XOM: scenery: create altars
  7125 | D:14     | XOM: summons 5 friendly demons
  7135 | D:14     | Noticed a manticore
  7145 | D:14     | XOM: summons friendly shadow imp
  7146 | D:15     | Entered Level 15 of the Dungeon
  7146 | D:15     | Noticed a deep elf mage
  7152 | D:15     | Killed a deep elf mage
  7184 | D:15     | XOM: scenery: 1 doors close
  7213 | D:15     | Noticed a white ugly thing
  7214 | D:15     | Noticed a white ugly thing
  7214 | D:15     | Noticed a white ugly thing
  7214 | D:15     | Noticed a white ugly thing
  7214 | D:15     | Noticed a white ugly thing
  7219 | D:15     | Noticed a white ugly thing
  7233 | D:15     | Mangled by a red ugly thing

Vault maps used:
D:1:      saegor_arrival_simple_c, minmay_misc_feat_enclosed, item_on_display_a
D:2:      nicolae_gozag_cash_rules_everything_around_me,
          kennysheep_another_room, xom_teletrap_fun, uniq_sigmund, uniq_iyjb
D:3:      first_bread, uniq_jessica, uniq_terence, uniq_natasha
D:4:      minivault_4
D:5:      nicolae_overflow_hidden_temple
D:6:      minmay_temple_entry_statues_pillars, uniq_eustachio
D:7:      bloody_makhleb, enter_ossuary_3, uniq_crazy_yiuf_cottage
D:8:      david_lair_shrubbed
D:9:      marbit_many_paths, old_standard_altar, hangedman_ranch,
          okawaru_gym_becter
D:12:     minmay_connected_triangles_in_corner
D:13:     david_vaults_1, hangedman_aviary, uniq_snorg
D:14:     minmay_misc_feat_four_crosses, minmay_misc_feat_more_columns,
          trog_ov_bears_minmay
D:15:     grunt_enter_depths_hoard, basic_altar, uniq_agnes
Ossuary:  minmay_ossuary_two_tombs

Skill      XL: |  1  2  3  4  5  6  7  8  9 10 11 |
---------------+----------------------------------+-----
Unarmed Combat | 5 13 14 | 14.3
Fighting       | 10 | 10.3
Throwing       | 1 2 4 5 |  5.7
Dodging        | 4 5 6 |  6.9
Stealth        | |  2.0

Action                   |  1- 3 |  4- 6 |  7- 9 | 10-12 || total
-------------------------+-------+-------+-------+-------++-------
Melee: Unarmed           |   100 |    49 |   316 |   275 ||   740
       Punch             |     3 |     3 |    19 |    27 ||    52
Throw: Stone             |       |       |    26 |       ||    26
  Use: Potion            |       |     6 |     1 |     4 ||    11
       Scroll            |       |       |    13 |     7 ||    20
 Stab: Sleeping          |       |     2 |    17 |     8 ||    27
       Distracted        |       |     1 |     1 |     2 ||     4
  Eat: Bread ration      |       |     1 |       |       ||     1
       Fruit             |       |       |     2 |     3 ||     5
       Chunk             |       |       |     2 |     2 ||     4
       Meat ration       |       |       |     1 |       ||     1
       Beef jerky        |       |       |       |     2 ||     2
Armor: Robe              |     6 |     3 |     1 |       ||    10
       Leather armour    |       |       |    33 |    46 ||    79
Dodge: Dodged            |    51 |    21 |   185 |   231 ||   488
